 Dungeon Crawl Stone Soup version 0.26-a0-830-g2a559e7be2 (webtiles) character file.

Game seed: 17430920454503504210

112 Riddle the Distorting Demonspawn (level 4, -15/37 HPs)
             Began as a Demonspawn Abyssal Knight on Nov 15, 2020.
             Was a Believer of Lugonu.
             Hit by a boomerang thrown by an orc warrior (16 damage)
             ... on level 2 of the Dungeon.
             The game lasted 00:02:35 (2509 turns).

Riddle the Distorting Demonspawn (DsAK)             Turns: 2509, Time: 00:02:35

Health: -15/37     AC:  9    Str: 13    XL:     4   Next: 63%
Magic:  7/7        EV:  6    Int: 13    God:    Lugonu [**....]
Gold:   125        SH:  0    Dex: 13    Spells: 3/3 levels left

rFire    . . .     SeeInvis .     - Unarmed
rCold    . . .     Faith    .   (no shield)
rNeg     . . .     Spirit   .   f - +0 chain mail
rPois    .         Reflect  .   (no helmet)
rElec    .         Harm     .   h - +0 cloak
rCorr    .         Rampage  .   (no gloves)
MR       .....                  (no boots)
Stlth    ..........             (no amulet)
HPRegen  0.12/turn              (no ring)
MPRegen  0.10/turn              (no ring)

@: no status effects
A: claws 1, talons 1, powered by death 1
a: Depart the Abyss, Bend Space, Renounce Religion


You were on level 2 of the Dungeon.
You worshipped Lugonu.
Lugonu was pleased with you.
You visited 1 branch of the dungeon, and saw 2 of its levels.
You visited the Abyss 1 time.

You collected 125 gold pieces.

Inventory:

Armour
 b - a +0 leather armour
 f - a +0 chain mail (worn)
 h - a +0 cloak (worn)
Scrolls
 a - a scroll of amnesia {unknown}
 c - a scroll of noise {unknown}
 e - a scroll of enchant weapon {unknown}
 g - a scroll of random uselessness {unknown}
 i - a scroll of remove curse {unknown}
 k - 2 scrolls of teleportation {unknown}
 l - a scroll of fog {unknown}
Potions
 d - 2 potions of curing
 j - a potion of degeneration {unknown}


   Skills:
 + Level 3.7 Fighting
   Level 1.9 Long Blades
 - Level 1.8 Armour
 - Level 0.8 Dodging
 + Level 1.2 Unarmed Combat
 + Level 5.1 Invocations


You had 3 spell levels left.
You didn't know any spells.
Your spell library was empty.

Dungeon Overview and Level Annotations

Branches:
Dungeon (2/15)

Altars:
Ashenzari
Dithmenos


Innate Abilities, Weirdness & Mutations

You have sharp fingernails.
You have sharp toenails.
You regenerate a little health from kills.


Message History

The orc is lightly wounded.
The orc warrior hits you with a +0 war axe!
The orc wizard casts a spell.
The orc wizard seems to speed up.
The orc hits you but does no damage.
There are monsters nearby!
Unknown command.
The orc warrior throws a boomerang.
The boomerang hits you!
* * * LOW HITPOINT WARNING * * *
The weapon returns to the orc warrior!
The orc wizard mumbles some strange words.
The orc wizard blinks!
The orc warrior throws a boomerang.
The boomerang barely misses you.
The weapon returns to the orc warrior!
The orc warrior throws a boomerang.
The boomerang hits you.
* * * LOW HITPOINT WARNING * * *
The weapon returns to the orc warrior!
The orc wizard casts a spell.
The orc wizard blinks!
The orc warrior throws a boomerang.
The boomerang hits you!
You die...

#o# #.# #.# ##o## ###...##
##....#.######## #..
##...............
#..##########........########
####...........@o......##
#.......########...†...#
#.##....# ##.....##
##.##....# #######...##
##.##....# #........##
##.##....# #.########
##.##..#.####.#
...##.###.....# .....##
##.######


You could see an orc warrior and an orc wizard (fast).

Vanquished Creatures
  3 gnolls
  An adder (D:2)
  A white imp (Abyss:1)
  An ooze (D:1)
  2 worms (D:2)
  3 dart slugs
  A leopard gecko (D:1)
  A ball python (D:1)
  2 giant cockroaches (D:1)
  6 goblins
  9 hobgoblins
  A quokka (D:1)
  10 bats
  3 frilled lizards
  4 kobolds
  2 rats (D:2)
50 creatures vanquished.

Notes
Turn   | Place    | Note
-------+----------+-------------------------------------------
     0 | Abyss:1  | Riddle the Demonspawn Abyssal Knight began the quest for
                  | the Orb.
     0 | Abyss:1  | Reached XP level 1. HP: 18/18 MP: 2/2
    54 | Abyss:1  | Noticed a small abomination
    57 | Abyss:1  | Noticed a guardian serpent
    60 | D:1      | Escaped the Abyss
   168 | D:1      | Gained mutation: You have sharp toenails. [demonic
                  | ancestry]
   168 | D:1      | Reached XP level 2. HP: 12/24 MP: 4/4
   171 | D:1      | Reached skill level 3 in Invocations
   512 | D:1      | Reached * piety under Lugonu
   641 | D:1      | Gained mutation: You have sharp fingernails. [demonic
                  | ancestry]
   641 | D:1      | Reached XP level 3. HP: 26/29 MP: 5/5
   647 | D:1      | Reached skill level 4 in Invocations
  1265 | D:2      | Found a shadowy altar of Dithmenos.
  1717 | D:2      | Gained mutation: You regenerate a little health from kills.
                  | [demonic ancestry]
  1717 | D:2      | Reached XP level 4. HP: 30/35 MP: 7/7
  2242 | D:2      | Reached skill level 1 in Unarmed Combat
  2242 | D:2      | Reached skill level 5 in Invocations
  2356 | D:2      | Found a broken altar of Ashenzari.
  2422 | D:2      | Reached ** piety under Lugonu
  2487 | D:2      | Noticed an orc warrior
  2494 | D:2      | HP: 1/37 [orc warrior/boomerang (14)]
  2503 | D:2      | HP: 1/37 [orc warrior/boomerang (2)]
  2509 | D:2      | Hit by a boomerang thrown by an orc warrior

Illustrated notes

Levels and vault maps discovered:
D:1:      saegor_arrival_simple_b, layout_rooms, st_stairs_7
D:2:      layout_loops_ring, lemuel_doored_altar, minmay_tree_intersection,
          minmay_misc_feat_plants, evilmike_ruin_ashenzari

Skill      XL: |  1  2  3  4 |
---------------+-------------+-----
Invocations    | 3 4 5 |  5.1
Unarmed Combat | 1 |  1.2
Fighting       | |  3.7
Long Blades    | |  1.9
Armour         | |  1.8
Dodging        | |  0.8

Action                   |  1- 3 |  4- 6 || total
-------------------------+-------+-------++-------
Melee: Falchion          |    82 |       ||    82
       Kick              |    20 |    19 ||    39
       Unarmed           |    41 |    62 ||   103
Invok: Depart the Abyss  |     1 |       ||     1
  Use: Potion            |     2 |       ||     2
Armor: Leather armour    |     5 |       ||     5
       Chain mail        |    88 |    28 ||   116
Dodge: Dodged            |    75 |    23 ||    98
       Rpst.: Falchion   |    15 |       ||    15

Table legend: (Time is in decaauts)
 A = Elapsed time spent in this place.
 B = Non-inter-level travel time spent in this place.
 C = Inter-level travel time spent in this place.
 D = Time resting spent in this place.
 E = Time spent auto-exploring this place.
 F = Levels seen in this place.
 G = Mean time per level.
                   A        B        C        D        E       F      G
               +--------+--------+--------+--------+--------+-----+--------+
         Total |   2537 |   2478 |     59 |    968 |   1061 |   3 |  845.7 |
       Dungeon |   2475 |   2416 |     59 |    966 |   1014 |   2 | 1237.5 |
         Abyss |     61 |     61 |      0 |      2 |     47 |   1 |   61.0 |
               +--------+--------+--------+--------+--------+-----+--------+

Top non-repeatable levels by time:
     D:1: 1723 daAuts
     D:2: 751 daAuts
 Abyss:1: 61 daAuts
